 Dungeon Crawl Stone Soup version 0.22.1 (webtiles) character file.

12421 MalarOregon the Cleaver (level 11, -2/95 HPs)
             Began as a Hill Orc Fighter on Sept 17, 2018.
             Was a Priest of Beogh.
             Slain by an elephant (11 damage)
             ... on level 3 of the Lair of Beasts.
             The game lasted 00:22:30 (10796 turns).

MalarOregon the Cleaver (Hill Orc Fighter)         Turns: 10796, Time: 00:22:31

Health: -2/95      AC: 27    Str: 20    XL:     11   Next: 93%
Magic:  15/16      EV: 13    Int: 11    God:    Beogh [***...]
Gold:   941        SH: 14    Dex: 20    Spells: 2/10 levels left

rFire    . . .     SeeInvis .   a - +3 war axe
rCold    . . .     Gourm    .   c - +1 shield
rNeg     . . .     Faith    .   q - +8 plate armour of the Ladybird {MR+ Stlth+}
rPois    .         Spirit   .   (no helmet)
rElec    .         Reflect  .   m - +0 cloak
rCorr    .         Harm     .   y - +2 pair of gloves {Dex+3}
MR       ++...                  h - +0 pair of boots
Stlth    ..........             (no amulet)
HPRegen  0.25/turn              i - +2 ring of dexterity
MPRegen  0.15/turn              (no ring)

@: agile
A: magic resistance 1, mutation resistance 1, MP-powered wands
a: Smiting, Renounce Religion


You were on level 3 of the Lair of Beasts.
You worshipped Beogh.
Beogh was most pleased with you.
You were very hungry.

You visited 2 branches of the dungeon, and saw 14 of its levels.

You collected 941 gold pieces.

Inventory:

Hand Weapons
 a - a +3 war axe (weapon)
 B - the +8 flail of Paper {freeze, rElec rPois rF- MR+}
   (You found it on level 7 of the Dungeon)

   It has been specially enchanted to freeze those struck by it, causing extra
   injury to most foes and up to half again as much damage against particularly
   susceptible opponents.
   It can also slow down cold-blooded creatures.
   It makes you vulnerable to fire.
   It insulates you from electricity.
   It protects you from poison.
   It affects your resistance to hostile enchantments.
 E - a +2 hand axe of venom
   (You took it off an orc on level 10 of the Dungeon)
Missiles
 p - 2 throwing nets (quivered) {!f}
Armour
 c - a +1 shield (worn)
 h - a +0 pair of boots (worn)
   (You found it on level 4 of the Dungeon)
 m - a +0 cloak (worn)
   (You found it on level 1 of the Dungeon)
 q - the +8 plate armour of the Ladybird (worn) {MR+ Stlth+}
   (You found it on level 6 of the Dungeon)

   It affects your resistance to hostile enchantments.
   It makes you more stealthy.
 y - a +2 pair of gloves of dexterity (worn)
   (You found it on level 9 of the Dungeon)
Jewellery
 i - a +2 ring of dexterity (left hand)
   (You found it on level 1 of the Dungeon)
 o - an uncursed ring of ice
   (You found it on level 1 of the Dungeon)
 F - an uncursed ring of poison resistance {unknown}
   (You found it on level 1 of the Lair of Beasts)
Wands
 d - a wand of clouds (2)
   (You found it on level 7 of the Dungeon)
 f - a wand of polymorph (30)
   (You found it on level 4 of the Dungeon)
 r - a wand of scattershot (5)
   (You found it on level 2 of the Dungeon)
 t - a wand of flame (18)
   (You took it off a goblin on level 4 of the Dungeon)
 x - a wand of acid (18)
   (You found it on level 2 of the Lair of Beasts)
Scrolls
 b - 8 scrolls of teleportation {@r4}
 l - 3 scrolls of blinking
 n - 4 scrolls of random uselessness {unknown}
 s - 7 scrolls of remove curse {@r2}
 u - 2 scrolls of enchant armour
 v - 2 scrolls of fear
 w - 2 scrolls of identify {@r1}
 A - 2 scrolls of magic mapping
 C - a scroll of immolation {!r}
Potions
 g - a potion of agility
 j - 3 potions of heal wounds {@q2}
 k - 3 potions of haste {@q3}
 z - 5 potions of curing {@q1}
 D - a potion of lignification {unknown}
 G - 2 potions of flight
Comestibles
 e - 28 rations {!d}


   Skills:
 + Level 8.3 Fighting
 * Level 11.8 Axes
 + Level 7.6 Armour
 - Level 5.0 Dodging
 * Level 10.3 Shields
 + Level 5.0 Fire Magic
 + Level 6.7 Invocations
 - Level 5.0 Evocations


You had 2 spell levels left.
You knew the following spells:

 Your Spells              Type           Power        Failure   Level  Hunger
a - Ignition              Fire           ##........   100%        8    #######

Your spell library contained the following spells:

 Spells                   Type           Power        Failure   Level  Hunger
 Shock                    Conj/Air       #...         100%        1    ##.....
 Summon Small Mammal      Summ           #...         100%        1    ##.....
 Call Imp                 Summ           #.......     100%        2    ###....
 Swiftness                Chrm/Air       #.......     100%        2    ###....
 Call Canine Familiar     Summ           #.......     100%        3    ####...
 Static Discharge         Conj/Air       #.......     100%        3    ####...
 Summon Guardian Golem    Hex/Summ       #.......     100%        3    ####...
 Airstrike                Air            #.........   100%        4    #####..
 Summon Ice Beast         Ice/Summ       #.......     100%        4    #####..
 Summon Lightning Spire   Summ/Air       #.......     100%        4    #####..
 Lightning Bolt           Conj/Air       #.........   100%        5    ######.
 Shatter                  Erth           #.........   100%        9    #######
 Tornado                  Air            #.........   100%        9    #######


Dungeon Overview and Level Annotations

Branches:
Dungeon (11/15)            Temple (0/1) D:7            Lair (3/6) D:8
    Orc (0/2) D:10
  Swamp: Lair:2-4    Shoals: Lair:2-4     Snake: Lair:2-4    Spider: Lair:2-4

Altars:
Dithmenos
Gozag
Hepliaklqana
Kikubaaqudgha
Makhleb
Qazlal
Sif Muna
Trog
Vehumet
Xom
Zin

Shops:
D:11 =

Annotations:
D:11 3 runed doors, Wilfredo's ghost, journeyman HOFi
Lair:2 3 runed doors, amentoraz's ghost, adept TrBe


Innate Abilities, Weirdness & Mutations

You are resistant to hostile enchantments. (MR+)
You are somewhat resistant to further mutation.
You expend magic power (3 MP) to strengthen your wands.


Message History

You are too injured to fight recklessly!
You are too injured to fight recklessly!
Unknown command.
You feel agile all of a sudden. You block the spiny frog's attack.
The blink frog hits Urug but does no damage.
You block the elephant's attack.
The elephant trunk-slaps you but does no damage.
The elephant tramples you but does no damage.
The elephant trunk-slaps you but does no damage.
You block the elephant's attack. x2; The blink frog blinks!
You hit the elephant. x2; You hit the spiny frog.
You hit the elephant. You block the spiny frog's attack.
The elephant tramples you but does no damage.
The elephant trunk-slaps you but does no damage.
Urug hits the elephant with an eveningstar of protection!!
The elephant tramples Urug.
Urug stumbles backwards!
You block the elephant's attack.
The elephant trunk-slaps you but does no damage.
The blink frog hits you but does no damage.
You block the spiny frog's attack.
You hit the elephant but do no damage. You hit the blink frog.
You slash the elephant!
You hit the spiny frog but do no damage.
You hit the elephant.
The blink frog hits you but does no damage.
The elephant tramples you but does no damage.
You block the elephant's attack. The elephant closely misses you.
The elephant barely misses you. You block the blink frog's attack.
You block the elephant's attack.
The elephant trunk-slaps you but does no damage.
The spiny frog stings you.
* * * LOW HITPOINT WARNING * * *
Urug hits the elephant with an eveningstar of protection.
You miss the blink frog.
Your plate armour of the Ladybird prevents you from hitting the blink frog.
You slash the elephant! You miss the blink frog. You hit the elephant.
You hit the spiny frog. You hit the elephant.
You block the blink frog's attack. The blink frog hits you!
* * * LOW HITPOINT WARNING * * *
The blink frog blinks!
The elephant tramples you!
* * * LOW HITPOINT WARNING * * *
You hold your ground!
The elephant trunk-slaps you but does no damage.
The spiny frog stings you!
* * * LOW HITPOINT WARNING * * *
The elephant tramples you but does no damage.
The elephant trunk-slaps you but does no damage.
The elephant tramples you!
You die...

#.......###
........PP#
..........## #
..........>#.#
.............##
..........F....
......YFY..#
......ยง@F.#
......FY.##
#.......o.#
####.......#
#........#
##........
.........P
##........##


You could see 3 elephants, a spiny frog, 3 blink frogs and the friendly Urug.

Vanquished Creatures
  A two-headed ogre (D:7)
  Erica (D:10)
  A black mamba (Lair:1)
  An elephant (Lair:3)
  Psyche (D:10)
  2 spiny frogs (Lair:1)
  A gargoyle (D:11)
  The ghost of MalarOregon the Skirmisher, an amateur HOFi (D:6)
  5 hornets
  6 blink frogs
  Sigmund (D:4)
  7 yaks
  A wyvern (Lair:1)
  A basilisk (D:10)
  4 wargs (D:10)
  3 porcupines (Lair:1)
  3 water moccasins (Lair:1)
  2 orc warriors
  3 sky beasts
  2 black bears
  2 ice beasts
  6 ogres
  3 phantoms
  A necrophage (D:8)
  2 centaurs (D:9)
  2 big kobolds
  2 bullfrogs
  A wyvern skeleton (D:10)
  3 scorpions
  6 killer bees (D:9)
  A wight (D:11)
  3 howler monkeys (D:8)
  A quasit (D:10)
  3 crimson imps
  3 orc priests
  A jelly (D:8)
  8 hounds
  An iguana (D:3)
  6 orc wizards
  8 worker ants
  2 hound zombies
  A hound skeleton (D:8)
  A worker ant zombie (D:7)
  10 adders
  3 shadow imps
  2 worker ant simulacra (D:6)
  4 oozes
  2 adder zombies (D:8)
  An adder skeleton (D:6)
  3 worms
  A dart slug (D:4)
  5 leopard geckos
  22 orcs
  2 ball pythons
  11 bats
  6 giant cockroaches
  9 goblins
  10 hobgoblins
  9 jackals
  11 kobolds
  5 quokkas
  6 frilled lizards
  A jackal zombie (D:8)
  2 quokka zombies
  5 rats
  2 fungi
246 creatures vanquished.

Vanquished Creatures (collateral kills)
  An orc knight (D:10)
  A komodo dragon (Lair:2)
  A hippogriff (Lair:2)
  2 yaks (Lair:2)
  A water moccasin (Lair:2)
  An ice beast (D:10)
  A phantom (D:11)
  2 bullfrogs (Lair:2)
  2 wights (D:11)
  An electric eel (Lair:2)
  A leopard gecko (D:11)
  4 orcs
  A hobgoblin (D:10)
19 creatures vanquished.

Vanquished Creatures (others)
  2 orc wizards (D:4)
  8 orcs
10 creatures vanquished.

Grand Total: 275 creatures vanquished

Notes
Turn   | Place    | Note
-------+----------+-------------------------------------------
     0 | D:1      | MalarOregon the Hill Orc Fighter began the quest for the
                  | Orb.
     0 | D:1      | Reached XP level 1. HP: 19/19 MP: 1/1
    74 | D:1      | Reached skill level 3 in Axes
    77 | D:1      | Reached XP level 2. HP: 15/27 MP: 2/2
   434 | D:1      | Reached XP level 3. HP: 26/33 MP: 3/3
   585 | D:2      | Found a faded altar of an unknown god.
   707 | D:2      | Found a bloodstained altar of Trog.
   932 | D:2      | Reached XP level 4. HP: 33/40 MP: 4/4
   957 | D:2      | Found a glowing silver altar of Zin.
   957 | D:2      | Noticed an angel
  1004 | D:2      | Reached skill level 1 in Dodging
  1097 | D:3      | Reached skill level 4 in Axes
  1139 | D:3      | HP: 2/40 [iguana (8)]
  1520 | D:3      | Found a stormy altar of Qazlal.
  1536 | D:3      | Reached XP level 5. HP: 35/46 MP: 5/5
  1568 | D:3      | Found an ancient bone altar of Kikubaaqudgha.
  1974 | D:4      | Noticed a phantom
  1974 | D:4      | Noticed Sigmund
  2002 | D:3      | Killed a phantom
  2002 | D:3      | Reached skill level 5 in Axes
  2002 | D:3      | Reached XP level 6. HP: 20/53 MP: 6/6
  2202 | D:4      | Killed Sigmund
  2202 | D:4      | Reached skill level 5 in Shields
  2276 | D:4      | Found a radiant altar of Vehumet.
  2403 | D:4      | Found a shimmering altar of Xom.
  2447 | D:4      | Noticed a phantom
  2460 | D:4      | Reached XP level 7. HP: 39/60 MP: 7/7
  2608 | D:4      | Reached skill level 6 in Axes
  2890 | D:4      | Reached skill level 5 in Fighting
  2978 | D:5      | Entered Level 5 of the Dungeon
  3176 | D:5      | Became a worshipper of Beogh the Brigand
  3416 | D:5      | Reached XP level 8. HP: 68/68 MP: 8/8
  3863 | D:6      | Found a deep blue altar of Sif Muna.
  3879 | D:6      | Got a spiked plate armour
  3889 | D:6      | Reached skill level 7 in Axes
  3904 | D:6      | Identified the +8 plate armour of the Ladybird {MR+ Stlth+}
                  | (You found it on level 6 of the Dungeon)
  3917 | D:6      | Reached skill level 5 in Armour
  3996 | D:6      | Found a runed gate.
  3996 | D:6      | Found a runed gate.
  3996 | D:6      | Found a runed gate.
  3997 | D:6      | Noticed MalarOregon's ghost (amateur HOFi)
  4024 | D:6      | Reached skill level 1 in Evocations
  4256 | D:6      | Found a hazy altar of Hepliaklqana.
  4369 | D:6      | Got a polished leather armour
  4426 | D:6      | Found a burning altar of Makhleb.
  4428 | D:6      | Noticed a blizzard demon
  4551 | D:6      | Killed MalarOregon's ghost
  4551 | D:6      | Reached skill level 1 in Invocations
  4617 | D:7      | Identified the +0 leather armour "Qafreur" {Str+3} (You
                  | found it on level 6 of the Dungeon)
  4657 | D:7      | Noticed a hornet
  4666 | D:7      | Paralysed by a hornet for 1 turns
  4669 | D:7      | Killed a hornet
  4696 | D:7      | Found an opulent altar of Gozag.
  4703 | D:7      | Reached skill level 8 in Axes
  4703 | D:7      | Reached XP level 9. HP: 29/75 MP: 10/10
  4921 | D:7      | Learned a level 8 spell: Ignition
  4992 | D:7      | Reached * piety under Beogh
  5018 | D:7      | Reached skill level 1 in Fire Magic
  5028 | D:7      | Got an iridescent flail
  5038 | D:7      | Identified the +8 flail of Paper {freeze, rElec rPois rF-
                  | MR+} (You found it on level 7 of the Dungeon)
  5266 | D:7      | Found a staircase to the Ecumenical Temple.
  5278 | D:8      | Noticed a two-headed ogre
  5305 | D:7      | Killed a two-headed ogre
  5305 | D:7      | Reached skill level 9 in Axes
  5572 | D:8      | Found a staircase to the Lair.
  5587 | D:8      | Found a shadowy altar of Dithmenos.
  5605 | D:8      | Reached XP level 10. HP: 69/84 MP: 11/13
  5964 | D:8      | Gained mutation: You expend magic power (3 MP) to
                  | strengthen your wands. [potion of mutation]
  5964 | D:8      | Gained mutation: You are somewhat resistant to further
                  | mutation. [potion of mutation]
  5964 | D:8      | Gained mutation: You are resistant to hostile enchantments.
                  | (MR+) [potion of mutation]
  6006 | D:8      | Reached ** piety under Beogh
  6930 | D:9      | Reached skill level 10 in Axes
  7303 | D:10     | Entered Level 10 of the Dungeon
  7311 | D:10     | Paralysed by a hornet for 1 turns
  7401 | D:10     | Found a staircase to the Orcish Mines.
  7401 | D:10     | Noticed Psyche
  7406 | D:10     | Reached skill level 5 in Invocations
  7408 | D:10     | Killed Psyche
  7538 | D:10     | Reached *** piety under Beogh
  7692 | D:10     | Reached XP level 11. HP: 92/92 MP: 15/15
  7870 | D:10     | Noticed an orc knight
  7877 | D:10     | Killed an orc knight
  8050 | D:10     | Noticed Erica
  8067 | D:10     | Killed Erica
  8087 | D:11     | Found an opulent altar of Gozag.
  8238 | D:11     | Found a runed gate.
  8238 | D:11     | Found a runed gate.
  8238 | D:11     | Found a runed gate.
  8238 | D:11     | Noticed Wilfredo's ghost (journeyman HOFi)
  8263 | D:11     | Found Cigumeto's Jewellery Boutique.
  8494 | D:11     | Found a stormy altar of Qazlal.
  8508 | D:11     | Reached skill level 11 in Axes
  8618 | Lair:1   | Entered Level 1 of the Lair of Beasts
  8983 | Lair:1   | Reached **** piety under Beogh
  9272 | Lair:1   | Noticed Urug
  9624 | Lair:1   | Reached skill level 10 in Shields
 10076 | Lair:2   | Found a runed gate.
 10077 | Lair:2   | Found a runed gate.
 10078 | Lair:2   | Found a runed gate.
 10079 | Lair:2   | Noticed amentoraz's ghost (adept TrBe)
 10215 | Lair:2   | Reached skill level 5 in Dodging
 10216 | Lair:2   | Reached skill level 5 in Evocations
 10296 | Lair:2   | Reached skill level 5 in Fire Magic
 10796 | Lair:3   | Slain by an elephant

Skill      XL: |  1  2  3  4  5  6  7  8  9 10 11 |
---------------+----------------------------------+-----
Axes           | 3 4 5 6 8 9 10 11 | 11.8
Dodging        | 1 2 3 4 5 |  5.0
Shields        | 4 5 6 7 8 9 10 | 10.3
Fighting       | 4 5 6 7 8 |  8.3
Armour         | 4 5 6 7 |  7.6
Evocations     | 2 3 4 5 |  5.0
Invocations    | 2 4 5 6 |  6.7
Fire Magic     | 2 3 5 |  5.0

Action                   |  1- 3 |  4- 6 |  7- 9 | 10-12 || total
-------------------------+-------+-------+-------+-------++-------
Melee: War axe           |   124 |   135 |   279 |   436 ||   974
       Flail             |       |       |    11 |    43 ||    54
Invok: Convert to Beogh  |       |       |     1 |       ||     1
       Smiting           |       |       |       |     4 ||     4
Evoke: Wand              |       |     1 |     1 |     3 ||     5
  Use: Scroll            |       |    11 |     6 |       ||    17
       Potion            |       |     3 |     1 |     3 ||     7
 Stab: Confused          |       |       |       |     3 ||     3
       Distracted        |       |       |       |     1 ||     1
  Eat: Chunk             |       |     5 |    11 |     9 ||    25
       Ration            |       |       |       |     2 ||     2
Armor: Scale mail        |    68 |    54 |    44 |       ||   166
       Plate armour      |       |       |   106 |   220 ||   326
Dodge: Dodged            |    52 |    42 |    63 |   118 ||   275
Block: Shield            |    62 |    74 |   163 |   282 ||   581
